 Dungeon Crawl Stone Soup version 0.20-a0-1109-ge3cd172 (webtiles) character file.

12604 grindst0ne the Warrior (level 11, -40/168 HPs)
             Began as a Minotaur Fighter on May 5, 2017.
             Was an Elder of Makhleb.
             Killed from afar by a fire dragon (48 damage)
             ... with a blast of flame
             ... on level 10 of the Dungeon.
             The game lasted 00:31:53 (9130 turns).

grindst0ne the Warrior (Minotaur Fighter)           Turns: 9130, Time: 00:31:54

Health: -40/168    AC: 20    Str: 29    XL:     11   Next: 64%
Magic:  10/10      EV:  7    Int:  5    God:    Makhleb [****..]
Gold:   661        SH:  7    Dex: 14    Spells: 10/10 levels left

rFire    . . .     SeeInvis +   n - +5 long sword of Resumed Hostilities {elec, rC+ Str+2 SInv Stlth+}
rCold    + + .     Gourm    .   T - +2 buckler
rNeg     . . .     Faith    .   i - +4 plate armour of Defence {rPois}
rPois    +         Spirit   .   V - +1 hat {MR+}
rElec    .         Reflect  .   m - +1 cloak
rCorr    .         Harm     .   (no gloves)
MR       +....     Clarity  +   (no boots)
Stlth    ..........             (no amulet)
Regen    0.4/turn               g - ring of protection from cold
MPRegen  0.2/turn               N - ring of see invisible

@: mighty, berserking (expiring), very quick
A: retaliatory headbutt, hooves 1, horns 2, clarity, strong 1
a: Minor Destruction, Lesser Servant of Makhleb, Major Destruction, Renounce
Religion


You were on level 10 of the Dungeon.
You worshipped Makhleb.
Makhleb was greatly pleased with you.
You were not hungry.

You visited 1 branch of the dungeon, and saw 10 of its levels.
You also visited: Ossuary.

You collected 661 gold pieces.

Inventory:

Hand Weapons
 n - the +5 long sword of Resumed Hostilities (weapon) {elec, rC+ Str+2 SInv Stlth+}
   (You found it on level 10 of the Dungeon)

   Occasionally, upon striking a foe, it will discharge some electrical energy
   and cause terrible harm.
   It affects your strength (+2).
   It protects you from cold.
   It lets you see invisible.
   It makes you more stealthy.
 o - a +3 demon whip of venom
 y - a +2 flail of holy wrath
 I - a +2 flail of protection
 P - a +2 scimitar of flaming
 W - a +2 whip of freezing
Armour
 d - a scarf of spirit shield
 i - the +4 plate armour of Defence (worn) {rPois}
   (You found it on level 9 of the Dungeon)

   It protects you from poison.
 m - a +1 cloak (worn)
 s - a +4 scale mail
 u - a +0 plate armour
 T - a +2 buckler (worn)
 V - a +1 hat of magic resistance (worn)
Jewellery
 g - a ring of protection from cold (left hand)
 z - an uncursed ring of loudness
 N - a ring of see invisible (right hand)
Wands
 a - a wand of enslavement (16/24)
 w - a wand of random effects (29/48)
 E - a wand of lightning (5/15)
 F - a wand of disintegration (9/24)
 K - a wand of clouds (9/9)
 R - a wand of polymorph (3/24)
Scrolls
 b - a scroll of remove curse
 h - 3 scrolls of amnesia
 k - a scroll of identify
 l - 2 scrolls of magic mapping
 p - 6 scrolls of teleportation
 q - a scroll of blinking
 H - a scroll of fear
 M - a scroll of fog
Potions
 e - 9 potions of curing
 r - 3 potions of invisibility
 t - 6 potions of lignification
 A - 2 potions of agility
 B - a potion of flight
 J - a potion of ambrosia
 O - a potion of haste
Miscellaneous
 S - a box of beasts
Comestibles
 c - 7 chunks of flesh
 f - 3 bread rations
 j - 5 meat rations
 G - 5 fruits
 L - a royal jelly


   Skills:
 - Level 15.1 Fighting
 + Level 14.8 Maces & Flails
 + Level 6.1 Armour
 - Level 3.6 Shields


You had 10 spell levels left.
You didn't know any spells.

Dungeon Overview and Level Annotations

Branches:
Dungeon (10/15)            Temple (0/1) D:4            Lair (0/6) D:8
    Orc (0/2) D:9

Altars:
Elyvilon
Hepliaklqana
Kikubaaqudgha
Makhleb
Okawaru
Qazlal
Uskayaw
Yredelemnul
The Shining One


Innate Abilities, Weirdness & Mutations

You reflexively headbutt those who attack you in melee.
You have a pair of horns on your head.
You have large cloven feet.
You possess an exceptional clarity of mind.
Your muscles are strong. (Str +2)


Message History

The fire dragon claws you but does no damage.
The fire dragon tramples you but does no damage.
The fire dragon breathes flames at you.
The blast of flame hits the fire dragon.
The fire dragon resists.
The blast of flame hits you!
* * * LOW HITPOINT WARNING * * *
An orc warrior comes into view. It is wielding a glaive.
You closely miss the fire dragon.
You kick the fire dragon, but do no damage.
You headbutt the fire dragon!
The fire dragon is heavily wounded.
You slash the fire dragon!
Lightning courses through the fire dragon!
You kick the fire dragon.
The fire dragon is almost dead.
The fire dragon breathes flames at you. The blast of flame misses you.
The fire dragon breathes flames at you. The blast of flame hits you!
You die...

###..#≈≈#..⌠.#..
.....####.!..#...
....#...[...#...
...#....####...
#########.#.⌠..#≈≈#.##
#.........#....#≈§#..
#.........####D####...
#............@D.......
#.........#.####......
#.........#.# #.oo.
#.........#.####.# ...
#.###'#####......# .
####.#...>....####+##
#....#........#
#....#...##...#
#....#...##...#


You could see 2 fire dragons, an orc warrior and an orc.

Vanquished Creatures
  Gastronok (D:8)
  2 ice dragons (D:10)
  Erica (D:8)
  3 two-headed ogres
  The ghost of Paps the Basher, a novice GrFi of Gozag (D:9)
  The ghost of Voxish the Ogre Mage, a novice OgWz of Vehumet (D:5)
  Pikel (D:8)
  An efreet (D:9)
  2 hippogriffs
  Sigmund (D:2)
  A wraith (D:10)
  Eustachio (D:4)
  A hungry ghost (D:10)
  5 yaks (D:10)
  Edmund (D:4)
  3 water moccasins
  2 orc warriors
  3 slaves (D:8)
  2 black bears (D:10)
  5 ogres
  A phantom (D:6)
  3 centaurs
  7 bullfrogs
  A big kobold (D:7)
  2 elf zombies (Ossuary)
  A gnoll sergeant (D:8)
  A scorpion (D:5)
  The ghost of claquette the Skirmisher, a weakling MiBe of Trog (D:4)
  A wight (D:10)
  2 howler monkeys (D:7)
  3 crimson imps
  A human zombie (Ossuary)
  3 orc priests (D:3)
  4 hounds
  2 jellies
  A centaur skeleton (D:8)
  2 orc wizards
  3 iguanas
  5 worker ants
  5 hound zombies
  4 mummies (Ossuary)
  2 worker ant zombies
  Robin (D:4)
  7 gnolls (D:8)
  14 adders
  A howler monkey skeleton (D:5)
  2 shadow imps
  An ooze (D:1)
  An adder zombie (Ossuary)
  2 worms
  5 dart slugs
  4 leopard geckos
  29 orcs
  10 bats
  6 giant cockroaches
  11 goblins
  12 hobgoblins
  11 jackals
  3 quokkas
  3 ball pythons
  6 frilled lizards
  A gnoll zombie (Ossuary)
  A hobgoblin zombie (Ossuary)
  A jackal skeleton (D:9)
  A jackal zombie (Ossuary)
  13 kobolds
  2 kobold zombies (Ossuary)
  A leopard gecko skeleton (D:5)
  2 quokka skeletons
  17 rats
  A rat zombie (Ossuary)
262 creatures vanquished.

Notes
Turn   | Place    | Note
-------+----------+-------------------------------------------
     0 | D:1      | grindst0ne the Minotaur Fighter began the quest for the Orb.
     0 | D:1      | Reached XP level 1. HP: 19/19 MP: 0/0
   107 | D:1      | Reached skill level 4 in Fighting
   108 | D:1      | Reached XP level 2. HP: 21/27 MP: 1/1
   233 | D:1      | Reached XP level 3. HP: 21/33 MP: 2/2
  1200 | D:2      | Reached XP level 4. HP: 34/41 MP: 3/3
  1311 | D:2      | Found a stormy altar of Qazlal.
  1580 | D:2      | Noticed Sigmund
  1589 | D:2      | Killed Sigmund
  1589 | D:2      | Reached skill level 5 in Fighting
  1589 | D:2      | Reached skill level 5 in Maces & Flails
  1589 | D:2      | Reached XP level 5. HP: 49/50 MP: 4/4
  1883 | D:3      | Reached skill level 6 in Fighting
  1883 | D:3      | Reached XP level 6. HP: 36/57 MP: 5/5
  2356 | D:3      | Found a glowing golden altar of the Shining One.
  2457 | D:3      | Found a burning altar of Makhleb.
  2474 | D:3      | Became a worshipper of Makhleb the Destroyer
  2481 | D:3      | Found a hazy altar of Hepliaklqana.
  2722 | D:4      | Found a sand-covered staircase.
  2746 | D:4      | Noticed Robin
  2783 | D:4      | Killed Robin
  2788 | D:4      | Noticed claquette's ghost (weakling MiBe)
  3065 | D:4      | Killed claquette's ghost
  3065 | D:4      | Reached skill level 7 in Fighting
  3065 | D:4      | Reached XP level 7. HP: 52/66 MP: 6/6
  3089 | Ossuary  | Entered an ossuary
  3105 | Ossuary  | Reached * piety under Makhleb
  3577 | D:4      | Identified a scroll of acquirement
  3645 | D:4      | Noticed Edmund
  3665 | D:4      | Killed Edmund
  3665 | D:4      | Reached skill level 8 in Fighting
  3708 | D:4      | Found a staircase to the Ecumenical Temple.
  3730 | D:4      | Found an iron altar of Okawaru.
  3730 | D:4      | Found an ancient bone altar of Kikubaaqudgha.
  4074 | D:4      | Noticed Eustachio
  4090 | D:4      | Reached skill level 9 in Fighting
  4090 | D:4      | Reached XP level 8. HP: 78/78 MP: 5/7
  4091 | D:4      | Killed Eustachio
  4172 | D:4      | Reached skill level 10 in Fighting
  4268 | D:5      | Entered Level 5 of the Dungeon
  4345 | D:5      | Noticed Voxish's ghost (novice OgWz)
  4371 | D:5      | Killed Voxish's ghost
  4371 | D:5      | Reached skill level 12 in Fighting
  4783 | D:5      | Reached ** piety under Makhleb
  4817 | D:5      | Reached XP level 9. HP: 86/90 MP: 8/8
  5413 | D:6      | Reached skill level 13 in Fighting
  5473 | D:6      | Found a basalt altar of Yredelemnul.
  5565 | D:6      | Found a white marble altar of Elyvilon.
  6312 | D:7      | Reached skill level 14 in Fighting
  6457 | D:7      | Noticed a dagger
  6458 | D:7      | Noticed a hand axe
  6461 | D:7      | Found a hide-covered altar of Uskayaw.
  6722 | D:8      | Found a staircase to the Lair.
  6722 | D:8      | Noticed Erica
  6732 | D:8      | Killed Erica
  6732 | D:8      | Reached skill level 15 in Fighting
  6732 | D:8      | Reached XP level 10. HP: 105/105 MP: 7/9
  6767 | D:8      | Noticed a two-headed ogre
  6786 | D:7      | Killed a two-headed ogre
  7057 | D:8      | Noticed a two-headed ogre
  7072 | D:8      | Killed a two-headed ogre
  7072 | D:8      | Reached skill level 10 in Maces & Flails
  7254 | D:8      | Reached *** piety under Makhleb
  7400 | D:8      | Noticed Gastronok
  7423 | D:8      | Killed Gastronok
  7553 | D:8      | Noticed Pikel
  7563 | D:8      | Killed Pikel
  7563 | D:8      | Reached XP level 11. HP: 99/112 MP: 8/10
  7800 | D:8      | Gained mutation: Your muscles are strong. (Str +2) [potion of mutation]
  7800 | D:8      | Gained mutation: You have large cloven feet. [potion of mutation]
  7800 | D:8      | Gained mutation: You possess an exceptional clarity of mind. [potion of mutation]
  8000 | D:9      | Noticed Paps's ghost (novice GrFi)
  8021 | D:9      | Killed Paps's ghost
  8288 | D:9      | Found a staircase to the Orcish Mines.
  8310 | D:9      | Noticed a two-headed ogre
  8319 | D:9      | Killed a two-headed ogre
  8646 | D:9      | Got a steaming plate armour
  8657 | D:9      | Identified the +4 plate armour of Defence {rPois} (You found it on level 9 of the Dungeon)
  8803 | D:10     | Entered Level 10 of the Dungeon
  8864 | D:10     | Reached **** piety under Makhleb
  8919 | D:10     | Got an ichor-stained long sword
  8920 | D:10     | Identified the +5 long sword of Resumed Hostilities {elec, rC+ Str+2 SInv Stlth+} (You found it on level 10 of the Dungeon)
  9106 | D:10     | Noticed an ice dragon
  9107 | D:10     | Noticed a fire dragon
  9107 | D:10     | Found a runed door.
  9108 | D:10     | Noticed an ice dragon
  9108 | D:10     | Noticed a fire dragon
  9122 | D:10     | Killed an ice dragon
  9122 | D:10     | Reached skill level 5 in Armour
  9127 | D:10     | Killed an ice dragon
  9128 | D:10     | HP: 7/168 [fire dragon/blast of flame (30)]
  9130 | D:10     | Killed from afar by a fire dragon

Vault maps used:
D:1:      eino_arrival_water_star, serial_park_tiny_pond, minmay_misc_feat_room,
          minmay_vboxes
D:2:      grunt_qazlal_clouds, minmay_misc_feat_rows, minmay_tree_intersection,
          uniq_sigmund
D:3:      minitemple, nicolae_tso_carved_into_rock, first_bread
D:4:      minmay_wonky_spiral, gammafunk_temple_overflow_elements,
          minmay_temple_entry_statues_fountains, enter_ossuary_3, st_stairs_13,
          glass_columns_b, kennysheep_potato, uniq_eustachio, uniq_robin,
          uniq_edmund
D:6:      lemuel_doored_altar, elyvilon_altar_1, grunt_decor_arrowhead,
          corexii_corridor_pit, lemuel_flame_loot_1
D:7:      dancing_weapons_uskayaw
D:8:      lair_entry_dummy, uniq_gastronok, uniq_pikel, uniq_erica
D:9:      hiddenorc1_lemuel
D:10:     minmay_guarded_unrand_resistance
Ossuary:  ossuary_minmay_tomb_2a

Skill      XL: |  1  2  3  4  5  6  7  8  9 10 11 |
---------------+----------------------------------+-----
Fighting       | 4 5 6 7 9 12 15 | 15.1
Maces & Flails | 3 4 5 6 7 12 14 | 14.8
Armour         | 6 |  6.1
Shields        | |  3.6

Action                   |  1- 3 |  4- 6 |  7- 9 | 10-12 || total
-------------------------+-------+-------+-------+-------++-------
Melee: Flail             |    99 |   179 |    52 |       ||   330
       Headbutt          |    15 |    28 |    53 |    79 ||   175
       Demon whip        |       |       |   206 |   215 ||   421
       Kick              |       |       |       |    50 ||    50
       Long sword        |       |       |       |    36 ||    36
Evoke: Wand              |       |       |       |     1 ||     1
  Use: Scroll            |     5 |     2 |     6 |    12 ||    25
       Potion            |       |     1 |     3 |     3 ||     7
  Eat: Chunk             |     1 |     6 |     7 |     9 ||    23
       Meat ration       |       |       |     1 |       ||     1
Armor: Scale mail        |    22 |       |       |       ||    22
       Leather armour    |    28 |     3 |       |       ||    31
       Plate armour      |       |   145 |   140 |   130 ||   415
Dodge: Dodged            |    38 |    23 |    31 |    40 ||   132
Block: Shield            |    58 |   102 |   110 |    19 ||   289
       Buckler           |       |       |       |    65 ||    65
